 Dungeon Crawl Stone Soup version 0.31-a0-319-g4fced400ed (webtiles) character file.

Game seed: 13087185965629233918

352876 tsouns the Shatterer (level 22, -27/152 HPs)
             Began as a Gargoyle Gladiator on July 7, 2023.
             Was the Champion of Lugonu.
             Annihilated by a stone giant (47 damage)
             ... on level 4 of the Vaults on July 18, 2023.
             The game lasted 02:07:20 (44307 turns).

tsouns the Shatterer (Gargoyle Gladiator)          Turns: 44307, Time: 02:07:21

Health: -27/152    AC: 61    Str: 26    XL:     22   Next: 26%
Magic:  32/32      EV: 16    Int: 15    God:    Lugonu [******]
Gold:   2697       SH: 10    Dex: 11    Spells: 12/21 levels left

rFire   . . .        U - +6 morningstar (vamp)
rCold   . . .        h - +0 buckler {AC+3}
rNeg    + . .        o - +4 plate armour of Gestures {rElec SInv}
rPois   ∞            n - +2 helmet {Int+3}
rElec   +            T - +2 cloak
rCorr   .            R - +2 pair of gloves
SInv    +            g - +1 pair of boots
Will    +....        A - amulet of reflection Stlth
                     q - +4 ring of protection
HPRegen 0.45/turn    i - ring "Zutoimn" {EV+5 Slay+2}
MPRegen 0.23/turn

%: reflection
@: mighty, flying
A: sickness immunity, AC +16, big wings, negative energy resistance 1,
electricity resistance, torment resistance 1, petrification resistance
}: 2/15 runes: serpentine, abyssal
a: Renounce Religion, Depart the Abyss, Banish, Corrupt, Enter the Abyss, Brand
Weapon With Distortion


You were on level 4 of the Vaults.
You worshipped Lugonu.
Lugonu was exalted by your worship.
You visited 7 branches of the dungeon, and saw 35 of its levels.
You visited the Abyss 4 times.
You also visited: Volcano.

You collected 5860 gold pieces.
You spent 3163 gold pieces at shops.

Inventory:

Hand Weapons
 e - a +9 great mace of flaming
 U - a +6 vampiric morningstar (weapon)
 Z - the +10 dark maul {heavy}
   (You took it off a deep elf death mage on level 3 of the Elven Halls)
Missiles
 d - 2 throwing nets (quivered)
 j - 5 javelins
 t - 11 curare-tipped darts
Armour
 g - a +1 pair of boots (worn)
 h - a +0 buckler of protection (worn)
 n - a +2 helmet of intelligence (worn)
 o - the +4 plate armour of Gestures (worn) {rElec SInv}
   (You bought it in a shop on level 7 of the Dungeon)

   rElec:     It insulates you from electricity.
   SInv:      It lets you see invisible.
 R - a +2 pair of gloves (worn)
 T - a +2 cloak (worn)
Jewellery
 i - the ring "Zutoimn" (right hand) {EV+5 Slay+2}
   (You acquired it on level 1 of the Snake Pit)

   [ring of evasion]

   EV:        It affects your evasion (+5).
   Slay:      It affects your accuracy & damage with ranged weapons and melee
   (+2).
 m - an amulet of faith
 q - a +4 ring of protection (left hand)
 A - an amulet of reflection (around neck)
Wands
 w - a wand of light (7)
 B - a wand of mindburst (8)
 C - a wand of paralysis (38)
 F - a wand of digging (12)
 O - a wand of polymorph (14)
 P - a wand of iceblast (29)
Scrolls
 a - 4 scrolls of silence
 l - 11 scrolls of teleportation
 s - 5 scrolls of immolation
 x - 7 scrolls of revelation
 y - 6 scrolls of fog
 E - 6 scrolls of poison
 G - a scroll of summoning
 M - 6 scrolls of fear
 W - 5 scrolls of blinking
 X - 3 scrolls of amnesia
Potions
 b - 4 potions of heal wounds
 f - 6 potions of lignification
 k - 4 potions of curing
 r - 4 potions of cancellation
 u - 4 potions of magic
 v - 2 potions of ambrosia
 z - 7 potions of mutation
 H - 6 potions of resistance
 I - 3 potions of invisibility
 J - 3 potions of enlightenment
 N - 2 potions of brilliance
Miscellaneous
 c - a condenser vane (inert)
 Q - a phial of floods (inert)
 S - a sack of spiders
 Y - a phantom mirror (inert)


   Skills:
 + Level 19.8 Fighting
 + Level 21.3 Maces & Flails
 - Level 1.7 Throwing
 + Level 19.6 Armour
 + Level 10.5 Dodging
 + Level 6.0 Stealth
 + Level 7.8 Shields
 - Level 13.9 Invocations
 + Level 10.9 Evocations


You had 12 spell levels left.
You knew the following spells:

 Your Spells              Type           Power      Damage    Failure   Level
a - Sandblast             Erth           0%         2d4       85%         1
b - Passwall              Tmut/Erth      0%         N/A       94%         2
c - Stone Arrow           Conj/Erth      0%         3d7       99%         3
d - Blink                 Tloc           0%         N/A       94%         2
e - Apportation           Tloc           0%         N/A       85%         1

Your spell library contained the following spells:

 Spells                   Type           Power      Damage    Failure   Level
 Freeze                   Ice            0%         1d3       85%         1
 Shock                    Conj/Air       0%         1d3       85%         1
 Ensorcelled Hibernation  Hex/Ice        0%         N/A       94%         2
 Poisonous Vapours        Pois/Air       0%         N/A       94%         2
 Static Discharge         Conj/Air       0%         2-2/arc   94%         2
 Wereblood                Tmut           0%         N/A       94%         2
 Call Canine Familiar     Summ           0%         N/A       99%         3
 Dazzling Flash           Conj/Hex       0%         N/A       99%         3
 Frozen Ramparts          Ice            0%         1d1       99%         3
 Hailstorm                Conj/Ice       0%         3d3       99%         3
 Inner Flame              Hex/Fire       0%         N/A       99%         3
 Mephitic Cloud           Conj/Pois/Air  0%         N/A       99%         3
 Portal Projectile        Hex/Tloc       0%         N/A       99%         3
 Summon Guardian Golem    Hex/Summ       0%         N/A       99%         3
 Swiftness                Air            0%         N/A       99%         3
 Tukima's Dance           Hex            0%         N/A       99%         3
 Volatile Blastmotes      Fire/Tloc      0%         2d10      99%         3
 Airstrike                Air            0%         2d(0-16)  100%        4
 Anguish                  Hex/Necr       0%         N/A       100%        4
 Animate Armour           Summ/Erth      0%         N/A       100%        4
 Dispel Undead            Necr           0%         3d6       100%        4
 Flame Wave               Conj/Fire      0%         2d4       100%        4
 Fulminant Prism          Conj/Hex       0%         3d5       100%        4
 Iskenderun's Mystic Bla  Conj/Tloc      0%         2d3       100%        4
 Leda's Liquefaction      Hex/Erth       0%         N/A       100%        4
 Manifold Assault         Tloc           0%         N/A       100%        4
 Sticky Flame             Conj/Fire      0%         2d3       100%        4
 Summon Lightning Spire   Summ/Air       0%         N/A       100%        4
 Alistair's Intoxication  Tmut/Pois      0%         N/A       100%        5
 Fireball                 Conj/Fire      0%         3d3       100%        5
 Freezing Cloud           Conj/Ice/Air   0%         6-21      100%        5
 Irradiate                Conj/Tmut      0%         3d11      100%        5
 Summon Mana Viper        Hex/Summ       0%         N/A       100%        5
 Death Channel            Necr           0%         N/A       100%        6
 Dispersal                Tloc           0%         N/A       100%        6
 Starburst                Conj/Fire      0%         6d3       100%        6
 Orb of Destruction       Conj           0%         9d5       100%        7
 Spellforged Servitor     Conj/Summ      0%         N/A       100%        7
 Summon Hydra             Summ           0%         N/A       100%        7
 Disjunction              Tloc           0%         N/A       100%        8
 Cigotuvi's Dreadful Rot  Necr/Pois/Air  Unusable   N/A       N/A         2
 Sublimation of Blood     Necr           Unusable   N/A       N/A         2

Dungeon Overview and Level Annotations

Branches:
Dungeon (15/15)            Temple (0/1) D:7            Lair (5/5) D:11
  Swamp (1/4) Lair:2        Snake (4/4) Lair:3        Slime (0/5) Lair:4
    Orc (2/2) D:11            Elf (3/3) Orc:2        Vaults (5/5) D:14
  Crypt (0/3) Vaults:2     Depths (0/4) D:15        Volcano (visited)

Altars:
Gozag
Hepliaklqana
Qazlal
Uskayaw
Vehumet
Wu Jian
Xom
Zin
Jiyva

Shops:
D:2 (   D:7 *   D:10 (=?!   D:12 [   Orc:1 *   Orc:2 =*(=   Elf:2 :   Snake:1 *
Snake:3 ?[=*[[*   Vaults:1 (

Portals:
Trove: D:13 (give horn of Geryon)

Annotations:
Lair:3 3 runed translucent doors, adozu's ghost, journeyman DsFi
Snake:2 1 runed translucent door, Dadghomedgh's ghost, adept GnHW
Snake:3 1 runed translucent door, Ufav Mom's ghost, adept HOMo
Vaults:1 2 transporters, exclusion: orange crystal statue
Abyss:1 Agnes


Innate Abilities, Weirdness & Mutations

You are immune to sickness and miasma.
Your stone body is resilient. (AC +16)
You are immune to poison.
Your large and strong wings let you fly.
You resist negative energy. (rN+)
You are resistant to electric shocks. (rElec)
You are resistant to unholy torment.
You are immune to petrification.


Message History

You bludgeon the deep elf demonologist!!
You feel better.
The deep elf demonologist is severely wounded.
The red devil hits you but does no damage.
Unknown command.
You spit the deep elf demonologist like a pig!!!
You kill the deep elf demonologist!
Lugonu accepts your kill.
The Brimstone Fiend disappears in a puff of smoke!
The red devil disappears in a puff of smoke!
The ironbound convoker gestures at the ironbound convoker while chanting.
The ironbound convoker seems to grow stronger.
The deep troll bites you but does no damage.
The deep troll claws you but does no damage.
You block the deep troll's attack. The stone giant closely misses you.
The ironbound convoker points at the stone giant and mumbles some strange words.
The stone giant seems to grow stronger.
The deep elf high priest calls down the wrath of its god upon you.
Something smites you!
You are too injured to fight recklessly!
You are too injured to fight recklessly!
You bludgeon the ironbound convoker!!
You feel better.
The ironbound convoker is severely wounded.
You block the deep troll's attack. x2; The deep troll misses you.
The ironbound convoker barely misses you.
The stone giant hits you!!!
You hear two shouts!
Unknown command.
The deep troll bites you. You block the deep troll's attack.
The deep troll closely misses you. The stone giant hits you!!
* * * LOW HITPOINT WARNING * * *
You fly upwards.
There is a stone staircase leading down, spattered with blood here.
You bludgeon the ironbound convoker!!
You kill the ironbound convoker!
Lugonu accepts your kill.
You pound the stone giant like an anvil!!!
The stone giant is moderately wounded.
The stone giant hits you!!!
You die...

###....### #...
##..## #... #..#
#... ########## #...
#........########...
#........#......#...
#........'......#...
#.T.)....#...[..#...
#..@C....#......#...
#..[)....#......#...
##########......'...
#.....?#...
#......#### #......#
######'# #.##
################..#


You could see a stone giant (strong) and a deep troll (strong).

Vanquished Creatures
  An ancient lich (Vaults:5)
  Vashnia (Snake:2)
  Nikola (Snake:1)
  A deep elf master archer (Elf:3)
  2 tentacled starspawn (Abyss:3)
  2 deep elf blademasters (Elf:3)
  2 sphinxes
  Aizul (Snake:2)
  A revenant (Vaults:2)
  Kirke (D:15)
  6 nagarajas
  8 deep elf sorcerers
  A fire giant (Vaults:5)
  An iron dragon (Vaults:5)
  2 frost giants (Vaults:4)
  11 vault wardens
  A deep elf elementalist (Elf:3)
  2 orc warlords
  A broodmother (shapeshifter) (D:13)
  4 formless jellyfish
  A ghoul (Swamp:1)
  12 ironbound preservers
  2 stone giants
  3 war gargoyles
  A very ugly thing (Abyss:2)
  8 ironbound thunderhulks
  The ghost of Iidacon the Severer, a journeyman HOFi of Ru (Lair:2)
  7 deep elf demonologists
  Azrael (Elf:2)
  A spark wasp (D:12)
  9 deep elf annihilators
  A red draconian (Volcano)
  9 dire elephants
  A bunyip (Swamp:1)
  Josephine (Lair:4)
  2 crystal guardians
  6 deep elf death magi
  7 great orbs of eyes
  A fire dragon (Abyss:2)
  32 vault guards
  20 yaktaur captains
  An entropy weaver (Vaults:1)
  A rakshasa (D:14)
  5 deep elf high priests (Elf:3)
  Erolcha (Orc:1)
  3 salamander tyrants
  11 anacondas
  3 peacekeepers
  5 hydras
  2 catoblepae (Abyss:3)
  12 ironbound frosthearts
  15 centaur warriors
  3 ogre magi
  24 dancing weapons
  14 two-headed ogres
  7 boulder beetles
  9 naga warriors
  2 tengu warriors (D:14)
  4 hell hogs (Abyss:1)
  13 naga sharpshooters
  4 thrashing horrors
  A shock serpent (Snake:2)
  12 deep elf knights
  A hell knight (Abyss:2)
  6 orc high priests
  2 wretched stars (Abyss:1)
  A goliath frog (Lair:5)
  3 skysharks
  6 salamander mystics
  2 skeletal warriors (D:15)
  Lodul (D:14)
  29 deep trolls
  A skyshark (shapeshifter) (Vaults:5)
  7 sea snakes (Snake:4)
  2 glowing orange brains
  A bog body (Swamp:1)
  7 deep elf archers
  5 naga ritualists
  10 lindwurms
  A shadow dragon zombie (D:15)
  13 wizards
  5 orc knights
  A golden dragon skeleton (D:15)
  20 deep elf pyromancers
  15 ironbound convokers
  5 necromancers
  3 orc sorcerers
  8 harpies
  6 mana vipers
  4 phantasmal warriors
  37 ugly things
  25 deep elf zephyrmancers
  4 manticores
  3 cyclopes
  16 salamanders
  10 elephants
  An elephant (shapeshifter) (Vaults:3)
  A guardian serpent (shapeshifter) (D:15)
  2 smoke demons
  An apocalypse crab (Abyss:2)
  10 vault sentinels
  37 black mambas
  A torpor snail (Lair:5)
  12 guardian serpents
  15 naga magi
  22 cane toads
  A human skeleton (Vaults:5)
  A gargoyle (D:11)
  An efreet (D:13)
  35 yaktaurs
  An unseen horror (D:12)
  A rime drake (shapeshifter) (D:14)
  2 rime drakes
  A tengu conjurer (D:14)
  2 freezing wraiths
  8 komodo dragons
  5 catoblepas skeletons (Abyss:3)
  An ancient zyme (Abyss:2)
  2 spriggan skeletons (D:15)
  5 trolls
  3 tyrant leeches
  A hornet (D:8)
  4 polar bears
  Grinder (D:5)
  2 raiju (Abyss:3)
  18 blink frogs
  3 dream sheep (Lair:5)
  A fire giant simulacrum (Vaults:5)
  2 air elementals
  34 slime creatures
  3 shadows
  3 centaur simulacra
  4 flying skulls
  4 hogs (D:15)
  9 wraiths
  63 yaks
  2 fire bats (Abyss:1)
  3 vampires
  6 wyverns
  4 ynoxinuls
  2 fire elementals
  A chaos spawn (Abyss:1)
  2 redbacks (Vaults:1)
  A basilisk (shapeshifter) (D:14)
  2 steam dragons
  7 basilisks
  14 vampire mosquitoes
  Edmund (D:6)
  3 swamp worms
  7 wargs
  42 nagas
  26 water moccasins
  A floating eye (shapeshifter) (Elf:2)
  4 hell hounds (Elf:2)
  4 large abominations
  A sky beast (D:8)
  22 orc warriors
  An ice beast (D:5)
  17 ogres
  3 black bears
  2 elephant zombies (Lair:3)
  A boggart (Elf:1)
  14 wolves
  2 starcursed masses (Abyss:2)
  9 centaurs
  3 kobold brigands
  24 bullfrogs
  A gnoll sergeant (D:10)
  8 earth elementals
  5 small abominations
  A komodo dragon zombie (Lair:3)
  6 wights
  5 killer bees (D:8)
  10 electric eels
  A howler monkey (D:7)
  A lava snake (D:10)
  3 hounds
  A hound (shapeshifter) (Elf:3)
  26 orc priests
  2 sleepcaps (D:5)
  2 gnoll boudas
  An iguana (D:5)
  2 hell rats (Lair:2)
  26 orc wizards
  10 gnolls
  6 adders
  11 river rats (Lair:2)
  A shadow imp (D:7)
  2 white imps
  2 worms
  2 dart slugs (D:3)
  64 orcs
  4 ball pythons
  3 bats
  2 endoplasms
  6 giant cockroaches
  4 goblins
  7 hobgoblins
  6 jackals
  4 quokkas
  7 frilled lizards
  17 kobolds
  4 rats
  A lurking horror (Abyss:1)
1406 creatures vanquished.

Vanquished Creatures (collateral kills)
  A cane toad (Lair:5)
1 creature vanquished.

Vanquished Creatures (others)
  A centaur warrior (Vaults:1)
  2 deep elf knights (Elf:2)
  A naga mage (Snake:1)
  A human (D:15)
  A naga (Snake:4)
  A boggart (Elf:1)
  An orc priest (Vaults:5)
  An orc wizard (D:9)
  2 foxfires (Abyss:3)
  A lurking horror (Abyss:2)
  5 starspawn tentacles (Abyss:3)
17 creatures vanquished.

Grand Total: 1424 creatures vanquished

Notes
Turn   | Place    | Note
-------+----------+-------------------------------------------
     0 | D:1      | tsouns the Gargoyle Gladiator began the quest for the Orb.
     0 | D:1      | Reached XP level 1. HP: 12/12 MP: 1/1
   248 | D:1      | Reached XP level 2. HP: 18/18 MP: 2/2
   628 | D:1      | Reached skill level 1 in Armour
   804 | D:2      | Found Poriuwn's Weapon Boutique.
   814 | D:2      | Reached XP level 3. HP: 18/22 MP: 3/3
  1469 | D:3      | Learned a level 1 spell: Sandblast
  1549 | D:3      | Reached XP level 4. HP: 28/28 MP: 4/4
  1879 | D:3      | Found a faded altar of an unknown god.
  1887 | D:3      | Prayed at the altar of an unknown god.
  1887 | D:3      | Became a worshipper of Vehumet
  1887 | D:3      | Reached * piety under Vehumet
  1887 | D:3      | Offered knowledge of Shock by Vehumet.
  2124 | D:4      | Reached skill level 4 in Maces & Flails
  2124 | D:4      | Reached XP level 5. HP: 15/33 MP: 5/5
  2228 | D:4      | Found an ornate altar of the Wu Jian Council.
  2229 | D:4      | Found a stormy altar of Qazlal.
  2241 | D:4      | Fell from the grace of Vehumet
  2241 | D:4      | Became a worshipper of Qazlal Stormbringer
  2545 | D:4      | Reached XP level 6. HP: 35/38 MP: 6/6
  3172 | D:5      | Entered Level 5 of the Dungeon
  3289 | D:5      | Reached skill level 5 in Maces & Flails
  3289 | D:5      | Reached XP level 7. HP: 17/44 MP: 7/7
  3456 | D:5      | Reached skill level 5 in Fighting
  3643 | D:5      | Reached * piety under Qazlal
  3741 | D:5      | Noticed Grinder
  3755 | D:5      | Killed Grinder
  3756 | D:5      | Reached skill level 5 in Armour
  4056 | D:5      | Reached XP level 8. HP: 35/51 MP: 8/8
  4069 | D:5      | Reached skill level 6 in Maces & Flails
  4221 | D:6      | Learned a level 2 spell: Passwall
  4225 | D:6      | Learned a level 3 spell: Stone Arrow
  4387 | D:6      | Noticed Edmund
  4670 | D:6      | Killed Edmund
  4746 | D:6      | Found a shimmering altar of Xom.
  4777 | D:6      | Reached skill level 7 in Maces & Flails
  5088 | D:6      | Found a hazy altar of Hepliaklqana.
  5252 | D:7      | Reached XP level 9. HP: 57/57 MP: 9/9
  5578 | D:7      | Found a staircase to the Ecumenical Temple.
  5672 | D:7      | Found Ikhlorph's Assorted Antiques.
  5741 | D:7      | Bought a pitted bronze ring for 95 gold pieces
  5741 | D:7      | Identified the ring "Kuth" {Ice rElec Int+2 SInv} (You
                  | bought it in a shop on level 7 of the Dungeon)
  5741 | D:7      | Bought a curved lead wand for 76 gold pieces
  5741 | D:7      | Bought a runed mace for 114 gold pieces
  5980 | D:8      | Noticed a hornet
  6076 | D:8      | Reached skill level 1 in Invocations
  6187 | D:8      | Killed a hornet
  6188 | D:8      | Reached skill level 8 in Maces & Flails
  6195 | D:8      | Reached ** piety under Qazlal
  6809 | D:8      | Was forgiven by Vehumet
  7410 | D:9      | Reached skill level 9 in Maces & Flails
  7410 | D:9      | Reached XP level 10. HP: 62/65 MP: 12/12
  7870 | D:9      | Reached skill level 10 in Maces & Flails
  7896 | D:9      | Reached skill level 5 in Invocations
  8142 | D:9      | Reached XP level 11. HP: 71/71 MP: 15/15
  8179 | D:9      | Found a glowing silver altar of Zin.
  8388 | D:10     | Entered Level 10 of the Dungeon
  8419 | D:10     | Found Tyosil's Antique Weapon Emporium.
  8701 | D:10     | Found Jafoixtu's Jewellery Boutique.
  8702 | D:10     | Found Etirgh's Distillery.
  8721 | D:10     | Bought a potion of cancellation for 96 gold pieces
  8721 | D:10     | Bought a potion of attraction for 36 gold pieces
  8721 | D:10     | Bought a potion of curing for 36 gold pieces
  8745 | D:10     | Reached *** piety under Qazlal
  8831 | D:10     | Found a hide-covered altar of Uskayaw.
  8981 | D:10     | Found Xoclywaq's Magic Scroll Emporium.
  8989 | D:10     | Bought a scroll of fear for 48 gold pieces
  9196 | D:11     | Reached skill level 11 in Maces & Flails
  9280 | D:11     | Found an opulent altar of Gozag.
  9296 | D:11     | Found an opulent altar of Gozag.
  9298 | D:11     | Found an opulent altar of Gozag.
  9306 | D:11     | Reached skill level 10 in Fighting
  9392 | D:11     | Found a staircase to the Orcish Mines.
  9424 | D:11     | Found a staircase to the Lair.
  9507 | D:11     | Noticed a cyclops
  9512 | D:11     | Killed a cyclops
  9595 | D:11     | Found an opulent altar of Gozag.
  9842 | Lair:1   | Entered Level 1 of the Lair of Beasts
  9943 | D:11     | Reached skill level 10 in Armour
  9976 | D:12     | Noticed a cyan ugly thing
 10028 | D:11     | Reached skill level 12 in Maces & Flails
 10093 | Lair:1   | Reached XP level 12. HP: 73/79 MP: 17/17
 10115 | Lair:1   | Reached **** piety under Qazlal
 10252 | Lair:1   | Identified the +1 leather armour of Foolhardiness {Harm
                  | rElec Will+ Int-3 Dex+2}
 10472 | Lair:1   | Found a dark tunnel.
 10525 | Volcano  | Entered a volcano
 10540 | Volcano  | Identified the +3 battleaxe "Deloibru" {freeze, Str+7}
 10540 | Volcano  | Noticed an ogre mage
 10540 | Volcano  | Noticed a two-headed ogre
 10540 | Volcano  | Noticed a two-headed ogre
 10546 | Volcano  | Killed a two-headed ogre
 10549 | Volcano  | Killed a two-headed ogre
 10555 | Volcano  | Killed an ogre mage
 10591 | Volcano  | Noticed a two-headed ogre
 10598 | Volcano  | Killed a two-headed ogre
 10618 | Volcano  | Noticed a red draconian
 10633 | Volcano  | Noticed a two-headed ogre
 10653 | Volcano  | Killed a red draconian
 10667 | Volcano  | Killed a two-headed ogre
 10668 | Volcano  | Reached skill level 13 in Maces & Flails
 11611 | Lair:2   | Noticed a six-headed hydra
 11645 | Lair:2   | Killed a six-headed hydra
 11645 | Lair:2   | Reached ***** piety under Qazlal
 11680 | Lair:2   | Reached XP level 13. HP: 58/85 MP: 19/19
 11878 | Lair:2   | Found a staircase to the Swamp.
 12262 | Lair:2   | Found a runed translucent door.
 12265 | Lair:2   | Noticed Iidacon's ghost (journeyman HOFi)
 12792 | Lair:2   | Killed Iidacon's ghost
 12811 | Lair:2   | Reached skill level 14 in Maces & Flails
 12944 | Lair:3   | Found a staircase to the Snake Pit.
 13317 | Lair:3   | Found a runed translucent gate.
 13318 | Lair:3   | Found a runed translucent gate.
 13318 | Lair:3   | Found a runed translucent gate.
 13321 | Lair:3   | Noticed a great orb of eyes
 13322 | Lair:3   | Noticed adozu's ghost (journeyman DsFi)
 13344 | Lair:3   | Found a viscous altar of Jiyva.
 14259 | Lair:4   | Found a staircase to the Slime Pits.
 14747 | Lair:4   | Noticed Josephine
 14761 | Lair:4   | Killed Josephine
 14762 | Lair:4   | Reached skill level 10 in Invocations
 15403 | Lair:5   | Entered Level 5 of the Lair of Beasts
 15425 | Lair:5   | Reached skill level 15 in Maces & Flails
 15440 | Lair:5   | Gained mutation: Your large and strong wings let you fly.
                  | [Gargoyle growth]
 15440 | Lair:5   | Reached XP level 14. HP: 64/92 MP: 17/21
 15912 | Lair:5   | Reached ****** piety under Qazlal
 16102 | Lair:5   | Reached skill level 16 in Maces & Flails
 16196 | Lair:5   | Identified the +1 scale mail "Vualudu" {rElec rF- rCorr
                  | Dex+3}
 16443 | Lair:5   | Identified the +9 dagger "Egeotoar" {venom, rPois}
 16623 | Lair:5   | Identified the staff "Reug" {rC+ Will+ MP-9 Str+3 Dex+4
                  | Ice}
 16937 | Orc:1    | Entered Level 1 of the Orcish Mines
 16945 | Orc:1    | Noticed Erolcha
 17181 | Abyss:1  | Cast into level 1 of the Abyss (Erolcha)
 17196 | Abyss:1  | Found a corrupted altar of Lugonu.
 17351 | Abyss:1  | Paralysed by an air elemental for 1 turns
 17403 | Abyss:1  | Reached XP level 15. HP: 50/100 MP: 17/23
 17428 | Abyss:1  | Found a corrupted altar of Lugonu.
 17435 | Abyss:1  | Fell from the grace of Qazlal
 17435 | Abyss:1  | Became a worshipper of Lugonu the Unformed
 17435 | Abyss:1  | Reached * piety under Lugonu
 17435 | Abyss:1  | Reached ** piety under Lugonu
 17436 | Orc:1    | Escaped the Abyss
 17438 | Orc:1    | Killed Erolcha
 17722 | Orc:2    | Entered Level 2 of the Orcish Mines
 18413 | Orc:1    | Found Toezis's Assorted Antiques.
 18418 | Orc:1    | Bought 2 scrolls of enchant weapon for 630 gold pieces
 18418 | Orc:1    | Bought a scroll of teleportation for 126 gold pieces
 18527 | Orc:2    | Found a staircase to the Elven Halls.
 18535 | Orc:2    | Reached *** piety under Lugonu
 18754 | Orc:2    | Found Nyaxt's Jewellery Shop.
 18754 | Orc:2    | Found Xojearch's Assorted Antiques.
 18755 | Orc:2    | Found Otruv's Jewellery Boutique.
 18768 | Orc:2    | Found Gerr's Weapon Shop.
 19372 | D:12     | Reached skill level 17 in Maces & Flails
 20048 | D:12     | Found Ovuode's Antique Armour Shop.
 20054 | D:12     | Bought a runed helmet for 202 gold pieces
 20314 | D:13     | Found a portal to a secret trove of treasure.
 20699 | D:13     | Reached **** piety under Lugonu
 21126 | D:14     | Noticed Lodul
 21138 | D:14     | Killed Lodul
 21627 | D:14     | Noticed Agnes
 21664 | D:14     | Banished Agnes
 21870 | D:14     | Found a gate to the Vaults.
 21945 | D:15     | Entered Level 15 of the Dungeon
 22232 | D:15     | Reached XP level 16. HP: 63/107 MP: 25/25
 22385 | D:15     | Reached skill level 18 in Maces & Flails
 22624 | D:15     | Noticed Kirke
 22628 | D:15     | Reached ***** piety under Lugonu
 22638 | D:15     | Killed Kirke
 22639 | D:15     | Reached skill level 15 in Fighting
 22695 | D:15     | Was forgiven by Qazlal
 22705 | D:15     | Found a staircase to the Depths.
 23481 | Snake:1  | Entered Level 1 of the Snake Pit
 23652 | Lair:3   | Reached skill level 15 in Armour
 24051 | Snake:1  | Found Giutedih's Assorted Antiques.
 24059 | Snake:1  | Bought a scroll of blinking for 300 gold pieces
 24059 | Snake:1  | Bought a twisted glowing staff for 480 gold pieces
 24059 | Snake:1  | Bought a scroll labelled AKANONUCKU for 40 gold pieces
 24062 | Snake:1  | Identified 3 scrolls of acquirement
 24063 | Snake:1  | Acquired 659 gold pieces
 24067 | Snake:1  | Acquired 802 gold pieces
 24069 | Snake:1  | Acquired the ring "Zutoimn" {EV+5 Slay+2}
 24327 | Snake:1  | Upgraded the game from 0.31-a0-229-g1fc7ce93e2 to
                  | 0.31-a0-319-g4fced400ed
 24473 | Snake:1  | You are sucked into a shaft and drop 1 floor!
 24684 | Snake:2  | Identified the +2 chain mail of Dim Light {rC+ Regen+ SInv}
 24881 | D:7      | Bought a faintly glowing plate armour for 532 gold pieces
 24881 | D:7      | Identified the +4 plate armour of Gestures {rElec SInv}
                  | (You bought it in a shop on level 7 of the Dungeon)
 25247 | Snake:1  | Found a hide-covered altar of Uskayaw.
 25317 | Snake:1  | Noticed Nikola
 25335 | Snake:1  | Killed Nikola
 25336 | Snake:1  | Reached skill level 19 in Maces & Flails
 25531 | Snake:2  | Noticed Aizul
 25550 | Snake:2  | Killed Aizul
 25561 | Snake:2  | Reached XP level 17. HP: 97/113 MP: 27/27
 26195 | Snake:2  | Noticed Vashnia
 26210 | Snake:2  | Reached skill level 1 in Evocations
 26218 | Snake:2  | Killed Vashnia
 26390 | Snake:2  | Found a runed translucent door.
 26396 | Snake:2  | Noticed Dadghomedgh's ghost (adept GnHW)
 26634 | Snake:3  | Reached ****** piety under Lugonu
 26840 | Snake:3  | Found a runed translucent door.
 26842 | Snake:3  | Noticed Ufav Mom's ghost (adept HOMo)
 26937 | Snake:3  | Found Getz's Armour Shop.
 27007 | Snake:3  | Found Kexeanar's Assorted Antiques.
 27416 | Snake:3  | Found Nopetoydu's Antique Armour Boutique.
 27417 | Snake:3  | Found Tyare's Antique Armour Boutique.
 27417 | Snake:3  | Found Conateh's Jewellery Shop.
 27420 | Snake:3  | Found Fiqaas's Assorted Antiques.
 27431 | Snake:3  | Bought a pair of glowing boots for 307 gold pieces
 27502 | Snake:3  | Found Ukucik's Magic Scroll Shop.
 27508 | Snake:3  | Bought a scroll of teleportation for 45 gold pieces
 27855 | Snake:4  | Entered Level 4 of the Snake Pit
 29076 | Snake:4  | Reached skill level 20 in Maces & Flails
 29492 | Snake:4  | Reached XP level 18. HP: 122/122 MP: 28/28
 29637 | Snake:4  | Got a serpentine rune of Zot
 29952 | Swamp:1  | Entered Level 1 of the Swamp
 29962 | Swamp:1  | Reached skill level 5 in Dodging
 30093 | Elf:1    | Entered Level 1 of the Elven Halls
 30177 | Abyss:2  | Found a corrupted altar of Lugonu.
 30177 | Abyss:2  | Cast into level 2 of the Abyss (a deep elf sorcerer)
 30190 | Elf:1    | Escaped the Abyss
 30647 | Elf:1    | Learned a level 2 spell: Blink
 30649 | Elf:1    | Learned a level 1 spell: Apportation
 30739 | Elf:1    | Reached skill level 5 in Evocations
 31779 | Elf:2    | Found Ushry's Book Shoppe.
 32736 | Elf:2    | Noticed Azrael
 32756 | Elf:2    | Killed Azrael
 33133 | Elf:2    | Found a runed translucent gate.
 33135 | Elf:2    | Found a runed translucent gate.
 33135 | Elf:2    | Found a runed translucent gate.
 33918 | Elf:3    | Entered Level 3 of the Elven Halls
 34022 | Elf:3    | Reached XP level 19. HP: 120/127 MP: 29/29
 34956 | Elf:3    | Identified the +4 short sword of Dekk {venom, *Noise
                  | *Corrode +Blink Dex+6}
 35115 | Elf:3    | Identified the +5 morningstar "Cagime" {freeze, *Slow
                  | +Blink Will++ Str+3}
 35232 | Elf:3    | Identified the ring of the Blind Eye {*Corrode Fly Dex+5}
 35543 | Elf:3    | Got the Lectures on Malediction
 35546 | Elf:3    | Identified the +0 plate armour "Retughao" {+Blink Str+3
                  | Dex+5}
 35560 | Elf:3    | Got the Grimoire of Wild Location
 35572 | Elf:3    | Identified the +0 ring mail "Daew Qusue" {-Tele rElec SInv}
 35577 | Elf:3    | Identified the +2 ring mail "Siecagaf" {Dex+3}
 35921 | Vaults:1 | Entered Level 1 of the Vaults
 36253 | Vaults:1 | Found Sacutal's Weapon Boutique.
 36579 | Vaults:1 | HP: 5/130 [centaur warrior/arrow (13)]
 36851 | Vaults:1 | Reached XP level 20. HP: 137/137 MP: 30/30
 36976 | Vaults:1 | Reached skill level 1 in Shields
 37255 | Vaults:1 | Found a transporter.
 37268 | Vaults:1 | Found a transporter.
 39235 | Vaults:2 | You are sucked into a shaft and drop 2 floors!
 39236 | Vaults:4 | Paralysed by a great orb of eyes for 5 turns
 39250 | Vaults:4 | Paralysed by a great orb of eyes for 3 turns
 40229 | Vaults:4 | Reached skill level 5 in Shields
 40320 | Vaults:3 | Paralysed by a sphinx for 4 turns
 40397 | Vaults:3 | Reached XP level 21. HP: 144/144 MP: 31/31
 40410 | Abyss:2  | Found a corrupted altar of Lugonu.
 40410 | Abyss:2  | Cast into level 2 of the Abyss (a wizard)
 40448 | Abyss:2  | Found a corrupted altar of Lugonu.
 40474 | Abyss:2  | Found a corrupted altar of Lugonu.
 40668 | Abyss:2  | Found a corrupted altar of Lugonu.
 40674 | Vaults:3 | Escaped the Abyss
 40754 | Vaults:3 | Reached skill level 1 in Stealth
 40863 | Vaults:3 | You are sucked into a shaft and drop 1 floor!
 40962 | Vaults:4 | Reached skill level 10 in Evocations
 41316 | Abyss:3  | Cast into level 3 of the Abyss (a wizard)
 41402 | Abyss:3  | Got an abyssal rune of Zot
 41495 | Abyss:3  | Reached skill level 21 in Maces & Flails
 41524 | Vaults:4 | Escaped the Abyss
 42070 | Vaults:3 | Paralysed by a great orb of eyes for 2 turns
 42102 | Vaults:3 | Reached skill level 10 in Dodging
 43146 | Vaults:2 | Found a staircase to the Crypt.
 43485 | Vaults:5 | Entered Level 5 of the Vaults
 43497 | Vaults:5 | Reached skill level 5 in Stealth
 43497 | Vaults:5 | Reached XP level 22. HP: 108/151 MP: 32/32
 43502 | Vaults:5 | Noticed an ancient lich
 43524 | Vaults:5 | Killed an ancient lich
 44307 | Vaults:4 | Annihilated by a stone giant

Illustrated notes

Levels and vault maps discovered:
D:1:      lemuel_arrival_cross, layout_loops_ring
D:2:      layout_rooms, serial_shops, nicolae_shop_tiny_statue_garden,
          grunt_decor_clamped, minmay_lizard_pond
D:3:      layout_rooms, dreamdust_ecumenical_altar_statues
D:4:      layout_basic, gammafunk_temple_overflow_pools, serial_curves,
          eino_curves_01, eino_curves_03, minmay_misc_feat_plants,
          kennysheep_nondescript, nicolae_grassy_gnolls
D:5:      layout_rooms, minivault_25, lexackson_kobold_supper, uniq_grinder
D:6:      layout_rooms, overflow_temple_1_default,
          nicolae_hepliaklqana_hippocampus, minmay_misc_feat_roman, uniq_edmund
D:7:      layout_basic, minmay_temple_entry_gardened_gates,
          nicolae_wooded_promenade, hangedman_decor_riveting, chequers_avenue
D:8:      layout_loops_ring, serial_co_window_serial, co_window_paths_b,
          co_window_corner_a, co_window_paths_b, co_window_paths_a,
          co_window_of_opportunity_a, co_window_of_opportunity_c,
          co_window_corner_b, co_window_of_opportunity_b, co_window_corner_b,
          glass_columns_a, glass_columns_b, roderic_roman_lattice
D:9:      layout_rooms, zin_treasury, minmay_misc_feat_cross, kennysheep_path_1
D:10:     layout_basic, nicolae_uskayaw_suspiria, serial_shops,
          nicolae_shop_just_a_little_nook, nicolae_lakefront_shop, shop,
          nicolae_shop_crystal, nicolae_figureground_pulse
D:11:     layout_cave_pools, david_lair_generic, orc_0_dummy,
          nicolae_gozag_conspicuous_consumption
D:12:     layout_basic, serial_shops, nicolae_shop_rolling_square,
          minmay_checkerbox
D:13:     layout_long_grid, enter_trove_3
D:14:     layout_rooms, david_vaults_4, nrook_pool_corridor, uniq_lodul,
          uniq_agnes
D:15:     gammafunk_depths_entry_grave, layout_gridville, serial_park_avenue1,
          small_chamber_with_monster, fountainhead, kennysheep_pointless_box,
          uniq_kirke
Lair:1:   layout_regular_city, enter_volcano_2, grunt_megastairs_3,
          lemuel_fruit_tree, serial_bayou_shore_a
Lair:2:   layout_misc_corridors, minmay_swamp_entry_worms,
          ebering_ghost_inner_flame, chequers_serial_rivers_large_a,
          kennysheep_rathole, grunt_megastairs_2
Lair:3:   pond_and_an_island_with_a_cottage, layout_cave_pods,
          nicolae_snake_entry_squirm, gammafunk_ghost_ooze
Lair:4:   layout_cave_pods, slime_entry_1, uniq_josephine
Lair:5:   minmay_lair_end_frog_pond, layout_regular_city, st_stairs_13
Swamp:1:  layout_basic_swamp, gammafunk_ghost_berserking_beasts,
          evilmike_swamp_ruin_house_6, uniq_roxanne
Snake:1:  layout_misc_corridors, serial_shops, shop, basic_altar, uniq_nikola
Snake:2:  layout_misc_corridors, ebering_ghost_reflecting_pool,
          serial_bayou_shore_b, uniq_vashnia, uniq_aizul
Snake:3:  layout_cave_town, serial_shops, shop, shop, shop,
          gammafunk_ghost_grave, grunt_ministairs_7, grunt_megastairs_4,
          minmay_shoptagon
Snake:4:  grunt_snake_rune_serpentine_throne, layout_misc_corridors,
          nicolae_snake_snake_lake, nicolae_fountain_basement
Orc:1:    layout_caves, serial_shops, shop, uniq_erolcha
Orc:2:    st_orc_mages, layout_diamond_mine, mines5_lemuel
Elf:1:    layout_onion_city, hangedman_elf_disciples
Elf:2:    nicolae_elf_blades_crystal_corner, layout_geoelf_octagon,
          serial_shops, nicolae_shop_hallway_plus, nicolae_letterblocks
          [nicolae_letter_subblock, nicolae_letter_subblock,
          nicolae_letter_subblock, nicolae_letter_subblock,
          nicolae_letter_subblock, nicolae_letter_subblock,
          nicolae_letter_subblock, nicolae_letter_subblock,
          nicolae_letter_subblock, nicolae_letter_subblock,
          nicolae_letter_subblock, nicolae_letter_subblock,
          nicolae_letter_subblock, nicolae_letter_subblock,
          nicolae_letter_subblock, nicolae_letter_subblock,
          nicolae_letter_subblock, nicolae_letter_subblock,
          nicolae_letter_subblock, nicolae_letter_subblock,
          nicolae_letter_subblock, nicolae_letter_subblock,
          nicolae_letter_subblock, nicolae_letter_subblock,
          nicolae_letter_subblock], uniq_azrael
Elf:3:    minmay_elf_hall_quartered_circle, layout_onion_city
Vaults:1: hangedman_vaults_locks, nicolae_vaults_closet_pinwheel_2, v_pattern_4,
          vaults_room_grunt_arrival_checkpoint, ontoclasm_vaults_eye,
          gammafunk_sealed_arena, nicolae_vaults_surprise_closet,
          vaults_dpeg_encased_lava, nicolae_vaults_little_ls,
          layout_vaults_quadrants, serial_shops, nicolae_shop_gibbet_a_chance
Vaults:2: hangedman_vaults_restitches, hangedman_vaults_nails,
          minmay_crypt_entry_simple_box, v_misc_28,
          nicolae_vaults_door_testing_chamber, v_rooms_2,
          nicolae_vaults_display_case, nicolae_vaults_tetromino_T_2,
          vaults_dpeg_hooks, vaults_dpeg_ring, dpeg_vaults_monster_box,
          vaults_room_pools, layout_vaults_chaotic_city
Vaults:3: nicolae_vaults_border_crossing, ontoclasm_vaults_chip,
          nicolae_vaults_back_hallway, hangedman_vaults_stitches,
          vaults_mumra_minichess, nicolae_vaults_ring_of_whatevers,
          grunt_vaults_bifocal, hangedman_vaults_trim, v_misc_32,
          ontoclasm_vaults_twist, nicolae_vaults_apartment_1,
          layout_vaults_omnibox
Vaults:4: nicolae_vaults_shrinking_rooms_2, nicolae_vaults_network_quinsquares
          [nicolae_vaults_network_quincunx_subvault,
          nicolae_vaults_network_quincunx_subvault,
          nicolae_vaults_network_quincunx_subvault,
          nicolae_vaults_network_quincunx_subvault], vaults_room_guarded_vault,
          vaults_mumra_minichess_inversion, vaults_room_stairs_pillars,
          ontoclasm_vaults_ring_square, ontoclasm_vaults_ring_small,
          nicolae_vaults_more_shelving_2, nicolae_vaults_storage_closets_2,
          nicolae_vaults_network_s, v_misc_16, nicolae_vaults_octothorpe,
          layout_vaults_ring
Vaults:5: serial_shops

Skill      XL: |  1  2  3  4  5  6  7  8  9 10 11 12 13 14 15 16 17 18 19 20 21 22 |
---------------+-------------------------------------------------------------------+-----
Armour         | 1 2 3 4 5 6 7 9 10 11 12 13 14 15 16 17 18 19 | 19.6
Fighting       | 3 4 6 7 8 9 10 11 12 13 14 15 16 17 18 19 | 19.8
Maces & Flails | 4 5 7 9 10 12 13 15 16 17 19 20 21 | 21.3
Invocations    | 3 5 7 8 10 11 12 13 | 13.9
Evocations     | 4 6 8 9 10 | 10.9
Dodging        | 4 6 8 9 10 | 10.5
Shields        | 5 7 |  7.8
Stealth        | 5 6 |  6.0
Throwing       | |  1.7

Action                     |  1- 3 |  4- 6 |  7- 9 | 10-12 | 13-15 | 16-18 | 19-21 | 22-24 || total
---------------------------+-------+-------+-------+-------+-------+-------+-------+-------++-------
  Melee: Flail             |   146 |   163 |   299 |    92 |       |       |       |       ||   700
         Punch             |       |     1 |     6 |    13 |     4 |       |     1 |       ||    25
         Morningstar       |       |       |    14 |   204 |       |       |  1729 |   136 ||  2083
         Whip              |       |       |       |   505 |    79 |       |       |       ||   584
         Mace              |       |       |       |    20 |   146 |       |       |       ||   166
         Great mace        |       |       |       |    11 |   946 |  1190 |   214 |       ||  2361
         Maul              |       |       |       |       |       |       |    48 |       ||    48
  Throw: Javelin           |       |       |     8 |       |       |       |       |       ||     8
         Throwing net      |       |       |     5 |       |       |     1 |       |       ||     6
 Invoke: Upheaval          |       |       |       |     3 |       |       |       |       ||     3
         Elemental Force   |       |       |       |       |     2 |       |       |       ||     2
         Depart the Abyss  |       |       |       |       |     1 |     1 |     1 |       ||     3
         Banish            |       |       |       |       |       |     6 |       |       ||     6
  Evoke: Wand              |       |       |       |     8 |     4 |       |     2 |       ||    14
         Phial of floods   |       |       |       |       |     1 |       |       |     1 ||     2
         Phantom mirror    |       |       |       |       |       |       |       |     1 ||     1
         Condenser vane    |       |       |       |       |       |       |       |     1 ||     1
    Use: Potion            |       |     2 |     1 |     7 |     6 |     9 |    10 |     2 ||    37
         Scroll            |       |       |    17 |     7 |    12 |    13 |     8 |     1 ||    58
   Stab: Sleeping          |     1 |       |       |       |       |       |       |       ||     1
         Held in net/web   |       |       |     5 |       |       |       |       |       ||     5
         Invisible         |       |       |       |     4 |       |       |     1 |       ||     5
 Armour: Leather armour    |    36 |       |       |       |       |       |       |       ||    36
         Ring mail         |    47 |   105 |       |       |       |       |       |       ||   152
         Scale mail        |       |     5 |   214 |    27 |       |       |       |       ||   246
         Troll leather arm |       |       |       |   172 |       |       |       |       ||   172
         Chain mail        |       |       |       |    97 |   682 |   167 |       |       ||   946
         Plate armour      |       |       |       |       |       |   524 |  1259 |   109 ||  1892
  Dodge: Dodged            |   103 |   100 |   189 |   276 |   345 |   534 |  1065 |   105 ||  2717
         Repelled          |       |       |       |       |     1 |       |       |       ||     1
  Block: Other             |       |       |    72 |   279 |   452 |   206 |    67 |       ||  1076
         Reflection        |       |       |       |     7 |     8 |    26 |    40 |     4 ||    85
         Buckler           |       |       |       |       |       |       |   706 |    77 ||   783

Table legend: (Time is in decaauts)
 A = Elapsed time spent in this place.
 B = Non-inter-level travel time spent in this place.
 C = Inter-level travel time spent in this place.
 D = Time resting spent in this place.
 E = Time spent auto-exploring this place.
 F = Levels seen in this place.
 G = Mean time per level.
                   A        B        C        D        E       F      G
               +--------+--------+--------+--------+--------+-----+--------+
         Total |  43290 |  40738 |   2552 |    414 |  29834 |  40 | 1082.2 |
       Dungeon |  15100 |  13968 |   1132 |    321 |  10337 |  15 | 1006.7 |
          Lair |   7047 |   6434 |    613 |      0 |   5040 |   5 | 1409.4 |
         Swamp |     41 |     41 |      0 |      0 |      0 |   1 |   41.0 |
     Snake Pit |   5628 |   5352 |    276 |      3 |   4071 |   4 | 1407.0 |
  Orcish Mines |   1780 |   1620 |    160 |     13 |   1208 |   2 |  890.0 |
   Elven Halls |   5579 |   5495 |     84 |     73 |   4207 |   3 | 1859.7 |
        Vaults |   7261 |   6977 |    284 |      3 |   4808 |   5 | 1452.2 |
         Abyss |    673 |    673 |      0 |      0 |    163 |   4 |  168.2 |
       Volcano |    178 |    178 |      0 |      0 |      0 |   1 |  178.0 |
               +--------+--------+--------+--------+--------+-----+--------+

Top non-repeatable levels by time:
Vaults:4: 2567 daAuts
   Elf:1: 1889 daAuts
   Elf:2: 1845 daAuts
   Elf:3: 1844 daAuts
Vaults:2: 1816 daAuts
 Snake:3: 1660 daAuts
  Lair:3: 1656 daAuts
     D:8: 1624 daAuts
 Snake:4: 1607 daAuts
  Lair:2: 1454 daAuts
Vaults:1: 1415 daAuts
    D:15: 1345 daAuts
  Lair:5: 1324 daAuts
  Lair:4: 1306 daAuts
  Lair:1: 1305 daAuts
